Map: Cyber Forest LE

Players

HateMe

  • Race: Zerg Zerg
  • Spawn Location: 11:00

Bly - Winner!

  • Race: Zerg Zerg
  • Spawn Location: 5:00

Event: 2019 WCS Spring

VOD

Have the link to the VOD?

Description

Time

  • Played on: May 17, 2019, 10:13 a.m.
  • Length: 9:04

All games in this series

Show
View Real Time Build Order
Export as new Build Order

HateMe Zerg 

Build Orders: Pool First 

Get SALT Encoding   

  12  0:17  Spawning Pool  
  11  0:22  Drone  
  11  0:27  Drone  
  13  0:31  Drone  
  14  0:41  Overlord  
  14  1:03  Zergling x4  
  16  1:05  Zergling x2  
  17  1:15  Zergling x2  
  18  1:19  Hatchery  
  17  1:26  Zergling x2  
  18  1:33  Queen  
  18  1:38  Zergling x2  
  21  1:48  Overlord  
  21  1:59  Drone  
  22  2:10  Drone  
  22  2:12  Queen  
  25  2:21  Drone  
  26  2:30  Queen  
  26  2:33  Drone x2  
  30  2:45  Drone x4  
  34  2:54  Drone  
  35  3:02  Overlord  
  35  3:04  Drone  
  36  3:14  Extractor x2, Queen  
  36  3:21  Overlord  
  36  3:22  Drone x4  
  36  3:24  Drone  
  36  3:26  Drone  
  42  3:33  Drone  
  43  3:38  Drone  
  43  3:41  Drone x3  
  47  3:49  Overlord  
  47  3:54  Evolution Chamber  
  45  3:58  Lair  
  45  4:05  Overlord x2  
  45  4:10  Drone x2  
  47  4:18  Roach Warren  
  47  4:21  Zerg Missile Weapons Level 1  
  47  4:22  Drone  
  46  4:28  Drone x3  
  46  4:31  Drone  
  50  4:34  Drone x2  
  52  4:44  Drone x4  
  56  4:57  Extractor x2, Overlord  
  54  5:00  Overlord  
  53  5:15  Drone x3  
  56  5:25  Roach x7  
  70  5:33  Hatchery  
  70  5:34  Roach x3  
  75  5:37  Overlord  
  75  5:49  Roach x4  
  83  5:53  Overlord x2  
  83  5:55  Overseer  
  83  6:12  Roach x6  
  83  6:17  Zerg Missile Weapons Level 2  
  95  6:23  Overlord  
  95  6:24  Overlord  
  95  6:26  Roach  
  92  6:34  Roach x3  
  97  6:46  Hydralisk Den  
  88  6:47  Queen x2  
  88  6:50  Glial Reconstitution  
  91  6:56  Queen  
  93  7:03  Spore Crawler  
  93  7:04  Spore Crawler  
  91  7:10  Spore Crawler  
  90  7:17  Spore Crawler  
  90  7:19  Hydralisk x2, Muscular Augments  
  90  7:21  Hydralisk  
  95  7:30  Hydralisk x2  
  95  7:33  Hydralisk  
  101  7:38  Hydralisk  
  101  7:41  Overlord  
  103  7:46  Hydralisk  
  103  7:48  Roach  
  105  7:53  Roach  
  105  8:01  Roach x3  
  109  8:12  Drone x3  
  110  8:15  Roach x2  
  114  8:23  Roach  
  114  8:24  Roach x2  
  120  8:33  Spore Crawler  
Show
View Real Time Build Order
Export as new Build Order

Bly Zerg - Winner!

Build Orders: Pool First 

Get SALT Encoding   

  12  0:01  Drone  
  13  0:12  Overlord  
  13  0:17  Drone  
  14  0:31  Drone x2  
  16  0:41  Spawning Pool  
  15  0:45  Drone  
  16  0:50  Drone  
  17  1:10  Hatchery  
  16  1:13  Drone  
  16  1:18  Extractor  
  16  1:28  Zergling x6  
  19  1:35  Queen  
  19  1:39  Zergling x2  
  22  2:00  Overlord  
  22  2:18  Queen  
  22  2:22  Drone x3  
  27  2:23  Queen  
  27  2:25  Drone  
  30  2:38  Drone x2  
  32  2:44  Drone x3  
  32  2:45  Drone  
  36  2:53  Overlord  
  36  2:57  Overlord  
  36  3:13  Drone x3  
  36  3:16  Drone  
  36  3:17  Lair  
  36  3:19  Drone x3  
  43  3:23  Drone  
  44  3:31  Drone x4  
  48  3:35  Evolution Chamber  
  47  3:45  Roach Warren  
  45  3:52  Drone x4  
  49  3:59  Extractor  
  49  4:00  Extractor, Overlord  
  47  4:03  Zerg Missile Weapons Level 1  
  47  4:05  Drone x2  
  47  4:06  Drone  
  50  4:19  Evolution Chamber  
  50  4:20  Drone x2  
  48  4:24  Drone  
  48  4:25  Drone x3  
  48  4:26  Glial Reconstitution  
  51  4:33  Overlord  
  51  4:36  Extractor  
  51  4:37  Overlord x2  
  50  4:42  Overlord  
  50  4:49  Drone  
  51  4:54  Overseer  
  51  4:57  Roach x4  
  59  5:03  Roach x4  
  67  5:14  Roach x5  
  77  5:28  Spire  
  76  5:34  Hatchery  
  75  5:48  Overseer  
  75  5:51  Drone  
  75  5:56  Overlord x3  
  75  5:57  Overlord x3  
  76  6:10  Overlord  
  76  6:12  Overlord  
  76  6:35  Roach x12  
  92  6:49  Mutalisk x3  
  97  6:57  Mutalisk x3  
  103  7:05  Mutalisk  
  105  7:10  Drone x5  
  110  7:22  Extractor  
  109  7:24  Extractor  
  109  7:25  Drone x3  
  109  7:26  Drone  
  109  7:27  Overseer  
  112  7:31  Overseer  
  112  7:35  Mutalisk x2  
  116  8:09  Mutalisk  
  116  8:10  Mutalisk x3  
  116  8:11  Overlord  
  124  8:13  Drone x11  
  124  8:16  Overlord  
  135  8:27  Hatchery  
  135  8:30  Overlord  
  136  8:34  Roach x6  
Tags
 
Add a new tag
Caveats
  • Supply blocks, unpowered buildings, or Contaminate may cause inaccurate times.
  • Supply counts are checked every 10 seconds.